 Dungeon Crawl Stone Soup version 0.32-a0-630-g46d191b0ed (webtiles) character file.

Game seed: 10110830975051645369

272 Dittersdorf the Shield-Bearer (level 6, 0/39 HPs)
             Began as a Gargoyle Fighter on Mar 6, 2024.
             Slain by Crazy Yiuf
             ... wielding a +4 quarterstaff of chaos
              (2 damage)
             ... on level 2 of the Dungeon.
             The game lasted 00:01:36 (2437 turns).

Dittersdorf the Shield-Bearer (Gargoyle Fighter)    Turns: 2437, Time: 00:01:37

Health: 0/39       AC: 12    Str: 22    XL:     6   Next: 23%
Magic:  5/6        EV:  9    Int:  8    God:
Gold:   203        SH:  4    Dex:  9    Spells: 5/5 levels left

rFire   . . .        a - +0 flail
rCold   . . .        c - +0 buckler
rNeg    + . .        b - +0 scale mail
rPois   ∞            n - +0 helmet
rElec   +            (no cloak)
rCorr   .            (no gloves)
SInv    .            (no boots)
Will    .....        m - amulet of magic regeneration Stlth
                     (no ring)
HPRegen 0.26/turn    (no ring)
MPRegen 0.50/turn

%: no passive effects
@: no status effects
A: sickness immunity, AC +4, negative energy resistance 1, electricity
resistance, torment resistance 1, petrification resistance
a: no special abilities


You were on level 2 of the Dungeon.
You visited 1 branch of the dungeon, and saw 2 of its levels.

You collected 203 gold pieces.

Inventory:

Hand Weapons
 a - a +0 flail (weapon)
Armour
 b - a +0 scale mail (worn)
 c - a +0 buckler (worn)
 n - a +0 helmet (worn)
Jewellery
 m - an amulet of magic regeneration (around neck)
Scrolls
 e - a scroll of fog {unknown}
 g - a scroll of immolation {unknown}
 h - a scroll of fear {unknown}
 j - a scroll of revelation {unknown}
 l - a scroll of teleportation {unknown}
 o - a scroll of enchant weapon {unknown}
 p - a scroll of identify {unknown}
 q - a scroll of brand weapon {unknown}
Potions
 d - a potion of might
 f - a potion of haste {unknown}
 i - a potion of mutation {unknown}
 k - 2 potions of heal wounds {unknown}


   Skills:
 + Level 4.6 Fighting
 + Level 3.5 Maces & Flails
 + Level 4.6 Armour
 + Level 4.6 Shields


You had 5 spell levels left.
You didn't know any spells.
Your spell library contained the following spells:

 Spells                   Type           Power      Damage    Failure   Level
 Animate Dead             Necr           0%         N/A       100%        4
 Summon Forest            Summ/Tloc      0%         N/A       100%        5
 Summon Mana Viper        Hex/Summ       0%         N/A       100%        5
 Summon Cactus Giant      Summ           0%         N/A       100%        6
 Haunt                    Necr/Summ      0%         N/A       100%        7
 Infestation              Necr           0%         N/A       100%        8


Dungeon Overview and Level Annotations

Branches:
Dungeon (2/15)

Altars:

Annotations:
D:2 Crazy Yiuf


Innate Abilities, Weirdness & Mutations

You are immune to sickness and miasma.
Your stone body is resilient. (AC +4)
You are immune to poison.
You resist negative energy. (rN+)
You are resistant to electric shocks. (rElec)
You are resistant to unholy torment.
You are immune to petrification.


Message History

Things that are here:
a +0 scythe; a +0 robe
Things that are here:
a +0 scythe; a +0 robe You see here a rat skeleton.
Things that are here:
4 stones; a +0 vampiric dagger; a kobold skeleton You see here 4 stones.
Crazy Yiuf shouts!
Key pressed, stopping explore.
Crazy Yiuf grits, "Walk mumblescurry canine!"
Could not explore, unopened runed door.
No reachable target in view!
As you open the door, it creaks loudly!
You closely miss Crazy Yiuf.
Crazy Yiuf hits you with a +4 quarterstaff of chaos!
Crazy Yiuf freezes you.
You barely miss Crazy Yiuf.
Crazy Yiuf hits you with a +4 quarterstaff of chaos!
Crazy Yiuf burns you.
Crazy Yiuf hits you with a +4 quarterstaff of chaos.
* * * LOW HITPOINT WARNING * * *
Crazy Yiuf burns you.
* * * LOW HITPOINT WARNING * * *
You barely miss Crazy Yiuf.
Crazy Yiuf cries, "Snurf!"
Crazy Yiuf hits you with a +4 quarterstaff of chaos.
* * * LOW HITPOINT WARNING * * *
You barely miss Crazy Yiuf.
Crazy Yiuf twirls on the spot.
You block Crazy Yiuf's attack.
You closely miss Crazy Yiuf. Crazy Yiuf barely misses you.
Crazy Yiuf hits you with a +4 quarterstaff of chaos.
* * * LOW HITPOINT WARNING * * *
You feel your power leaking away.
You thump Crazy Yiuf!
Crazy Yiuf is heavily wounded.
Crazy Yiuf says, "Line down tired!"
Crazy Yiuf hits you with a +4 quarterstaff of chaos.
You die...

.##.# #...#
#....######...###...
.##.# ##### ##..##
##.####... .##.#
#....# #......#.
.##)# #...##
######... .##.#
##.## ##.# .##.####
#.## #.#
.......##### ##.#
#.# ###........#
#.## ### #.#
####.....# ##@#
#####.####.# #######
#g# #....#.....# ...
#.....##...† #...#
############ #..)#
#####


You could see Crazy Yiuf.

Vanquished Creatures
  Sigmund (D:2)
  An iguana (D:2)
  Robin (D:2)
  A gnoll (D:1)
  An adder (D:2)
  5 ball pythons
  7 endoplasms
  4 giant cockroaches
  10 goblins
  6 hobgoblins
  A quokka (D:1)
  6 bats
  3 frilled lizards
  5 kobolds
  6 rats
58 creatures vanquished.

Notes
Turn   | Place    | Note
-------+----------+-------------------------------------------
     0 | D:1      | Dittersdorf the Gargoyle Fighter began the quest for the
                  | Orb.
     0 | D:1      | Reached XP level 1. HP: 14/14 MP: 1/1
   125 | D:1      | Reached XP level 2. HP: 19/19 MP: 2/2
   541 | D:1      | Reached XP level 3. HP: 22/24 MP: 3/3
  1341 | D:2      | Found a faded altar of an unknown god.
  1415 | D:2      | Noticed Robin
  1459 | D:2      | Killed Robin
  1460 | D:2      | Reached XP level 4. HP: 20/29 MP: 4/4
  1780 | D:2      | Found a runed translucent door.
  1781 | D:2      | Noticed Crazy Yiuf
  2085 | D:2      | Noticed Sigmund
  2098 | D:2      | Killed Sigmund
  2099 | D:2      | Reached XP level 5. HP: 33/34 MP: 5/5
  2099 | D:2      | Reached XP level 6. HP: 38/39 MP: 6/6
  2436 | D:2      | HP: 1/39 [Crazy Yiuf/+4 quarterstaff of chaos (3)]
  2437 | D:2      | Slain by Crazy Yiuf

Illustrated notes

Levels and vault maps discovered:
D:1:      dpeg_arrival_three_same_balls, layout_loops_ring
D:2:      minmay_evil_eye, layout_loops_ring, shapermc_ecumenical_altar_petra,
          minivault_27, uniq_crazy_yiuf_cottage, uniq_sigmund, uniq_robin

Skill      XL: |  1  2  3  4 |
---------------+-------------+-----
Armour         | 4 |  4.6
Fighting       | 4 |  4.6
Shields        | 4 |  4.6
Maces & Flails | 3 |  3.5

Action                     |  1- 3 |  4- 6 || total
---------------------------+-------+-------++-------
  Melee: Flail             |   106 |    73 ||   179
 Armour: Scale mail        |    99 |    69 ||   168
  Dodge: Dodged            |    48 |    39 ||    87
  Block: Buckler           |    24 |    19 ||    43

Table legend: (Time is in decaauts)
 A = Elapsed time spent in this place.
 B = Non-inter-level travel time spent in this place.
 C = Inter-level travel time spent in this place.
 D = Time resting spent in this place.
 E = Time spent auto-exploring this place.
 F = Levels seen in this place.
 G = Mean time per level.
                   A        B        C        D        E       F      G
               +--------+--------+--------+--------+--------+-----+--------+
         Total |   2490 |   2435 |     55 |     49 |   1966 |   2 | 1245.0 |
       Dungeon |   2490 |   2435 |     55 |     49 |   1966 |   2 | 1245.0 |
               +--------+--------+--------+--------+--------+-----+--------+

Top non-repeatable levels by time:
     D:1: 1283 daAuts
     D:2: 1206 daAuts
